 Dungeon Crawl Stone Soup version 0.27-a0-334-g52645efa06 (webtiles) character file.

Game seed: 16737533962812202511

21 maxwax212 the Ruffian (level 2, 0/23 HPs)
             Began as a Draconian Transmuter on Feb 14, 2021.
             Killed from afar by Sigmund (4 damage)
             ... with a magic dart
             ... on level 2 of the Dungeon.
             The game lasted 00:09:39 (978 turns).

maxwax212 the Ruffian (Draconian Transmuter)         Turns: 978, Time: 00:09:40

Health: 0/23       AC:  4    Str: 12    XL:     2   Next: 62%
Magic:  5/5        EV: 12    Int: 13    God:
Gold:   97         SH:  0    Dex: 11    Spells: 4/5 levels left

rFire    . . .     SeeInvis .     - Unarmed
rCold    . . .     Faith    .   (no shield)
rNeg     . . .     Spirit   .   (armour unavailable)
rPois    .         Reflect  .   (helmet restricted)
rElec    .         Harm     .   (no cloak)
rCorr    .         Rampage  .   (no gloves)
Will     .....                  (no boots)
Stlth    +.........             (no amulet)
HPRegen  0.07/turn              (no ring)
MPRegen  0.09/turn              (no ring)

@: no status effects
A: unfitting armour, cold-blooded, AC +4
a: no special abilities


You were on level 2 of the Dungeon.
You visited 1 branch of the dungeon, and saw 2 of its levels.

You collected 97 gold pieces.

Inventory:

Hand Weapons
 d - a +0 hunting sling
Missiles
 b - 30 bolts
 c - 65 stones (quivered)
Armour
 g - a +0 robe
 j - a +0 leather armour
Scrolls
 a - 3 scrolls of identify {unknown}
 h - a scroll of enchant armour {unknown}
Potions
 e - a potion of haste {unknown}
 f - a potion of heal wounds {unknown}
 i - 2 potions of curing {unknown}
 k - a potion of attraction {unknown}


   Skills:
 * Level 1.5 Fighting
 + Level 1.9 Dodging
 * Level 3.2 Unarmed Combat
 * Level 2.2 Spellcasting
 * Level 2.2 Transmutations


You had 4 spell levels left.
You knew the following spells:

 Your Spells              Type           Power        Failure   Level
a - Beastly Appendage     Tmut           14%          10%         1

Your spell library contained the following spells:

 Spells                   Type           Power        Failure   Level
 Wereblood                Tmut           7%           14%         2
 Spider Form              Tmut/Pois      2%           43%         3
 Ice Form                 Ice/Tmut       4%           83%         4
 Blade Hands              Tmut           3%           95%         5


Dungeon Overview and Level Annotations

Branches:
Dungeon (2/15)

Altars:

Annotations:
D:2 Sigmund


Innate Abilities, Weirdness & Mutations

Your plain brown scales are hard. (AC +4)
You cannot fit into any form of body armour.
You are cold-blooded and may be slowed by cold attacks.


Message History

2 goblins come into view.
The goblin shouts!
The goblin moves out of view.
You see here a stone.
You throw a stone. The stone misses the goblin.
Sigmund the Dreaded comes into view.
He is wielding a +0 scythe.
You throw a stone. The stone barely misses the goblin.
Sigmund shouts!
Your transformation is almost over.
You hear a shout!
Sigmund gestures at himself while chanting.
Sigmund flickers and vanishes!
Deactivating autopickup; reactivate with Ctrl-A.
You throw a stone. The stone barely misses the goblin.
Casting: Beastly Appendage (safe; 10% risk of failure)
Confirm with . or Enter, or press ? or * to list all spells.
You extend your transformation's duration.
You hit the goblin but do no damage. The goblin hits you but does no damage.
You hit the goblin. Your kick misses the goblin.
The goblin is moderately wounded.
Something hits you! The goblin hits you with a +0 club.
You hit the goblin.
You kill the goblin!
Something hits you.
Things that are here:
a +0 dagger; a goblin corpse Your transformation is almost over.
Your horns disappear.
Your talons disappear.
A magic dart appears from out of thin air!
The magic dart hits you.
* * * LOW HITPOINT WARNING * * *
Sigmund appears from thin air!
Reactivating autopickup.
Sigmund's eyes start glowing with a red light.
Sigmund points at you and mumbles some strange words.
The puff of flame hits you.
* * * LOW HITPOINT WARNING * * *
Sigmund points at you and mumbles some strange words.
The magic dart hits you.
You die...

#.# ...## ... #(# ####.##....
... #)## ##........ #.# #..###
##.<##.#.## #.# ##)#..
....†.....# #.# #....
..........# #.# ###..
###.......# #.#########..
#.......###########............
#.............@.....@########..
#.......###########.#### #..
#.......# #...÷..# #..
#.......# #......# #..
#..>....# #......# ###
#.......# #...(..# #########
#......# ########


You could see Sigmund.

Vanquished Creatures
  A worm (D:2)
  A dart slug (D:1)
  A leopard gecko (D:1)
  3 goblins
  A hobgoblin (D:1)
  3 kobolds (D:1)
  2 bats (D:1)
  3 frilled lizards (D:2)
  A rat (D:2)
16 creatures vanquished.

Notes
Turn   | Place    | Note
-------+----------+-------------------------------------------
     0 | D:1      | maxwax212 the Draconian Transmuter began the quest for the
                  | Orb.
     0 | D:1      | Reached XP level 1. HP: 16/16 MP: 3/3
   448 | D:1      | Reached XP level 2. HP: 21/23 MP: 3/5
   949 | D:2      | Noticed Sigmund
   978 | D:2      | Killed from afar by Sigmund

Illustrated notes

Levels and vault maps discovered:
D:1:      lightli_arrival_noodles, layout_basic
D:2:      layout_rooms, led_sif_pool, uniq_terence, uniq_sigmund,
          uniq_crazy_yiuf_cottage, uniq_robin

Action                   || total
-------------------------++-------
Melee: Unarmed           ||    53
       Kick              ||     6
       Headbutt          ||     4
       Tailslap          ||     5
       Punch             ||     1
Throw: Stone             ||    13
 Cast: Beastly Appendage ||    13
 Stab: Sleeping          ||     1
Armor: Skin              ||    25
Dodge: Dodged            ||    45

Table legend: (Time is in decaauts)
 A = Elapsed time spent in this place.
 B = Non-inter-level travel time spent in this place.
 C = Inter-level travel time spent in this place.
 D = Time resting spent in this place.
 E = Time spent auto-exploring this place.
 F = Levels seen in this place.
 G = Mean time per level.
                   A        B        C        D        E       F      G
               +--------+--------+--------+--------+--------+-----+--------+
         Total |    975 |    960 |     15 |    148 |    412 |   2 |  487.5 |
       Dungeon |    975 |    960 |     15 |    148 |    412 |   2 |  487.5 |
               +--------+--------+--------+--------+--------+-----+--------+

Top non-repeatable levels by time:
     D:1: 636 daAuts
     D:2: 338 daAuts
